[Event "Titled Tuesday Blitz November 14 Early 2023"]
[White "Khismatullin, Denis"]
[Black "Halkias, Stelios"]
[WhiteFideId "4142578"]
[BlackFideId "4201809"]
[WhiteElo "2943"]
[BlackElo "2723"]
[Result "1-0"]
[Round "3"]
[TimeControl "180+1"]
[Date "2023.11.14"]
[WhiteClock "0:00:11"]
[BlackClock "0:00:00"]
[Board "24"]

1. c4 Nf6 2. Nc3 e6 3. Nf3 d5 4. e3 dxc4 5. Bxc4 a6 6. a4 c5 7. O-O Nc6 8. d3 Be7 9. e4 O-O 10. h3 b6 11. Be3 Bb7 12. Qe2 Rc8 13. Rac1 Nd4 14. Bxd4 cxd4 15. Nb1 Qd7 16. Nbd2 Bb4 17. Ne5 Qe7 18. f4 Rcd8 19. Kh2 Bd6 20. Ndf3 Bb8 21. g3 Nd7 22. Nxd7 Qxd7 23. Bb3 Qd6 24. Rc4 Qe7 25. Rfc1 e5 26. f5 Kh8 27. h4 Bd6 28. R4c2 g6 29. Ng5 h6 30. fxg6 fxg6 31. Ne6 Bc5 32. Nxf8 Rxf8 33. Rf1 Bc8 34. Rxf8+ Qxf8 35. Qf2 Qe7 36. Qf3 Qd7 37. Rf2 Qh3+ 38. Kg1 Be6 39. Rh2 Qg4 40. Qf6+ Kh7 41. Bxe6 Qd1+ 42. Qf1 1-0


[Site "https://www.chess.com"]

[Event "Titled Tuesday Blitz November 14 Early 2023"]
[White "DopplerCharlotteDeWitte"]
[Black "Gurel, Ediz"]
[BlackFideId "44507356"]
[WhiteElo "2720"]
[BlackElo "2938"]
[Result "0-1"]
[Round "3"]
[TimeControl "180+1"]
[Date "2023.11.14"]
[WhiteClock "0:00:00"]
[BlackClock "0:00:02"]
[Board "25"]

1. Nf3 Nf6 2. g3 b6 3. Bg2 Bb7 4. O-O e6 5. c4 Be7 6. d4 O-O 7. Re1 Qc8 8. Bg5 h6 9. Bxf6 Bxf6 10. e4 d6 11. Nc3 Nd7 12. Qd2 a6 13. Rac1 c5 14. e5 cxd4 15. exf6 dxc3 16. Rxc3 Nxf6 17. Rb3 Qc7 18. Qd4 Nd7 19. Rd1 d5 20. Rc3 Qb8 21. Qe3 Rd8 22. Nh4 dxc4 23. Rxc4 Bxg2 24. Nxg2 Nf6 25. Rcd4 Rxd4 26. Qxd4 Qc7 27. Ne3 Rc8 28. h4 b5 29. Qd6 Qxd6 30. Rxd6 a5 31. Rb6 Rc5 32. Kg2 g5 33. hxg5 hxg5 34. g4 Kg7 35. Kf3 Nd7 36. Ra6 a4 37. Ra7 Ne5+ 38. Ke4 Nc4 39. Kd4 Rc6 40. b3 axb3 41. axb3 Nd2 42. b4 Nb3+ 43. Ke4 Nd2+ 44. Kd3 Nc4 45. Rb7 Nd6 46. Rb8 Kf6 47. Nc2 Rc4 48. Rb6 Ke5 49. f3 Rf4 50. Ke3 Nc4+ 0-1


[Site "https://www.chess.com"]

[Event "Titled Tuesday Blitz November 14 Early 2023"]
[White "Djokic, Mihailo"]
[Black "Bharath Subramaniyam H"]
[WhiteFideId "976440"]
[BlackFideId "46634827"]
[WhiteElo "2720"]
[BlackElo "2922"]
[Result "0-1"]
[Round "3"]
[TimeControl "180+1"]
[Date "2023.11.14"]
[WhiteClock "0:00:26"]
[BlackClock "0:01:32"]
[Board "26"]

1. e4 c5 2. Nf3 e6 3. d4 cxd4 4. Nxd4 a6 5. Be2 Nf6 6. Nc3 Qc7 7. O-O Be7 8. f4 d6 9. Be3 O-O 10. Kh1 b5 11. a3 Bb7 12. Bf3 Nbd7 13. Re1 Nb6 14. Qd3 Nc4 15. Bc1 g6 16. b3 Nb6 17. Bb2 e5 18. Nde2 Rfd8 19. Rad1 Bf8 20. Bc1 Rac8 21. Be3 Nbd7 22. Bd2 Nc5 23. Qe3 Bg7 24. Ng3 Ne6 25. f5 Nd4 26. Rc1 d5 27. fxg6 hxg6 28. exd5 Nxf3 29. Qxf3 Nxd5 30. Nxd5 Bxd5 31. Qf2 f5 32. Bg5 Rd7 33. Red1 Bc6 34. Rxd7 Qxd7 35. Re1 f4 36. Nf1 Qf5 37. h4 Be4 38. c4 bxc4 39. bxc4 Bd3 40. Nd2 Bf8 41. Qb6 e4 42. Qxa6 f3 43. Be3 Qg4 44. Rg1 Qxh4# 0-1


[Site "https://www.chess.com"]

[Event "Titled Tuesday Blitz November 14 Early 2023"]
[White "Chinguun, Sumiya"]
[Black "Baskakov, Egor"]
[WhiteFideId "4902572"]
[BlackFideId "24197866"]
[WhiteElo "2713"]
[BlackElo "2920"]
[Result "0-1"]
[Round "3"]
[TimeControl "180+1"]
[Date "2023.11.14"]
[WhiteClock "0:00:02"]
[BlackClock "0:00:12"]
[Board "27"]

1. e4 c5 2. Nf3 Nf6 3. e5 Nd5 4. c3 Nc6 5. d4 cxd4 6. cxd4 g6 7. Nc3 Nxc3 8. bxc3 Bg7 9. Bb5 O-O 10. O-O d6 11. exd6 Qxd6 12. Re1 h6 13. Be3 Rd8 14. Qc1 Kh7 15. Bf4 Qf6 16. Ne5 Bd7 17. Nxd7 Rxd7 18. Be5 Qf5 19. Bxg7 Kxg7 20. Ba4 e6 21. h3 Rc8 22. Rb1 Rdc7 23. Qd2 Qf6 24. Re3 Na5 25. Rf3 Qg5 26. Qe1 Nc4 27. Rb5 Qd2 28. Qe4 Kg8 29. Rxb7 Nd6 30. Rxc7 Nxe4 31. Rxc8+ Kg7 32. Rc7 Ng5 33. Re3 Qxa2 34. Be8 Qa1+ 35. Kh2 Qa5 36. Rc5 Qd8 37. Ba4 Qd6+ 38. Kg1 Nh7 39. Bd1 Nf6 40. Bf3 Qb6 41. g3 a5 42. Re1 a4 43. Ra1 Qb3 44. Kg2 g5 45. Rc7 h5 46. Bd1 Qb2 47. Rxa4 Ne4 48. Kf3 Qb1 49. Be2 g4+ 50. hxg4 hxg4+ 51. Ke3 Nd6 52. Raa7 Qc1+ 53. Kd3 Qb1+ 54. Ke3 Kf6 55. Bxg4 Qe4+ 56. Kd2 Qxg4 57. c4 Qxd4+ 58. Ke1 Qe4+ 59. Kf1 Qh1+ 60. Ke2 Qe4+ 61. Kf1 Kg5 62. c5 Nf5 63. Rxf7 Kg4 64. Ra3 Qh1+ 65. Ke2 Qe4+ 66. Kf1 Qh1+ 67. Ke2 Kg5 68. c6 Qxc6 69. f4+ Kg6 70. Rfa7 Qc2+ 71. Kf3 Qd1+ 72. Kg2 Nd4 73. f5+ Kg5 74. R7a5 Qe2+ 75. Kh3 exf5 76. R5a4 Qf1+ 77. Kh2 Nf3+ 78. Rxf3 Qxf3 79. Rh4 Qf2+ 80. Kh3 Qe2 81. Rf4 Kf6 82. Kh4 Qh2# 0-1


[Site "https://www.chess.com"]

[Event "Titled Tuesday Blitz November 14 Early 2023"]
[White "Danielyan, Vahe"]
[Black "Sychev, Klementy"]
[WhiteFideId "13304828"]
[BlackFideId "4114060"]
[WhiteElo "2703"]
[BlackElo "2903"]
[Result "0-1"]
[Round "3"]
[TimeControl "180+1"]
[Date "2023.11.14"]
[WhiteClock "0:00:11"]
[BlackClock "0:00:03"]
[Board "28"]

1. e4 e5 2. Nf3 Nc6 3. Nc3 Nf6 4. Bb5 Bb4 5. O-O O-O 6. d3 d6 7. Bg5 Ne7 8. Bc4 c6 9. Nh4 d5 10. exd5 cxd5 11. Bb3 Bxc3 12. bxc3 Qd6 13. Re1 h6 14. Bc1 Ng6 15. Nxg6 fxg6 16. a4 Qc7 17. Ba3 Re8 18. Qd2 Be6 19. Re2 Bf7 20. Rae1 Rac8 21. h3 g5 22. Qe3 b6 23. Qf3 Qxc3 24. Qf5 e4 25. dxe4 dxe4 26. Re3 Qe5 27. Qg6 Re6 28. Bxe6 Qxe6 29. Bb2 Bxg6 0-1


[Site "https://www.chess.com"]

[Event "Titled Tuesday Blitz November 14 Early 2023"]
[White "Kovalev, Vladislav"]
[Black "Rozman, Levy"]
[WhiteFideId "13504398"]
[BlackFideId "2039877"]
[WhiteElo "2902"]
[BlackElo "2702"]
[Result "1-0"]
[Round "3"]
[TimeControl "180+1"]
[Date "2023.11.14"]
[WhiteClock "0:01:31"]
[BlackClock "0:00:14"]
[Board "29"]

1. e4 d5 2. exd5 Qxd5 3. Nc3 Qa5 4. d4 Nf6 5. Nf3 Bf5 6. Bd2 c6 7. Bc4 e6 8. Qe2 Bxc2 9. Rc1 Bg6 10. d5 Bb4 11. dxe6 O-O 12. a3 Bxc3 13. Bxc3 Qc7 14. Ne5 fxe6 15. Nxg6 hxg6 16. Qxe6+ Kh8 17. Qh3+ Nh7 18. O-O Nd7 19. Rce1 Nf6 20. Re5 Rae8 21. Rfe1 Rxe5 22. Bxe5 Re8 23. Bxc7 1-0


[Site "https://www.chess.com"]

[Event "Titled Tuesday Blitz November 14 Early 2023"]
[White "Ladopoulos, Dimitrios"]
[Black "Kamsky, Gata"]
[WhiteFideId "4239580"]
[BlackFideId "2000024"]
[WhiteElo "2701"]
[BlackElo "2900"]
[Result "1/2-1/2"]
[Round "3"]
[TimeControl "180+1"]
[Date "2023.11.14"]
[WhiteClock "0:00:04"]
[BlackClock "0:00:08"]
[Board "30"]

1. d4 f5 2. Nf3 Nf6 3. g3 g6 4. Bg2 Bg7 5. O-O d6 6. c4 O-O 7. Nc3 c6 8. Qc2 a5 9. b3 Na6 10. a3 Bd7 11. Bb2 Qc7 12. e4 fxe4 13. Nxe4 Nxe4 14. Qxe4 Bf5 15. Qe3 Qd7 16. Bc3 Nc7 17. Rfe1 Rfe8 18. a4 b6 19. Nh4 Bh3 20. Rad1 Bxg2 21. Nxg2 b5 22. Nf4 bxc4 23. bxc4 d5 24. c5 Bh6 25. Bd2 Qf5 26. Qd3 e6 27. Qxf5 exf5 28. Nxd5 Rxe1+ 29. Rxe1 Nxd5 30. Bxh6 Kf7 31. Rb1 Nc3 32. Rb7+ Ke6 33. Rc7 Ne2+ 34. Kf1 Nxd4 35. Be3 Rd8 36. Bxd4 Rxd4 37. Rxc6+ Ke5 38. Rc7 h5 39. Re7+ Kf6 40. Rc7 Rxa4 41. Rc6+ Kf7 42. h4 Rc4 43. Rc7+ Kf6 44. Rc6+ Kf7 45. Rc7+ Kf6 46. Rc6+ Kf7 1/2-1/2


[Site "https://www.chess.com"]

[Event "Titled Tuesday Blitz November 14 Early 2023"]
[White "Akhmedinov, Satbek"]
[Black "Alekseenko, Kirill"]
[WhiteFideId "13714287"]
[BlackFideId "4135539"]
[WhiteElo "2700"]
[BlackElo "2898"]
[Result "0-1"]
[Round "3"]
[TimeControl "180+1"]
[Date "2023.11.14"]
[WhiteClock "0:00:02"]
[BlackClock "0:00:38"]
[Board "31"]

1. e4 c5 2. Nf3 Nc6 3. Bb5 g6 4. Bxc6 dxc6 5. d3 Bg7 6. h3 Nh6 7. Nc3 f6 8. Be3 b6 9. a4 e5 10. a5 Be6 11. O-O O-O 12. Na4 Rb8 13. Qd2 Nf7 14. b4 f5 15. Qc3 f4 16. Bd2 g5 17. axb6 axb6 18. bxc5 b5 19. Nb6 h5 20. Kh2 g4 21. Ng1 Ng5 22. h4 Nxe4 23. dxe4 Qxh4+ 24. Nh3 gxh3 25. g3 fxg3+ 26. Qxg3 Qxe4 27. Ra7 Qg2+ 28. Qxg2 hxg2 29. Kxg2 Rbd8 30. Bc3 Rf7 31. Rxf7 Bxf7 32. Rg1 Bg6 33. Kh2 Kh7 34. Rg5 Bh6 35. Rg1 Bf4+ 36. Kh3 Bxc2 37. Kh4 Bf5 38. f3 Rd3 39. Be1 Rxf3 40. Bg3 Kh6 41. Na8 Bg5# 0-1


[Site "https://www.chess.com"]

[Event "Titled Tuesday Blitz November 14 Early 2023"]
[White "Salinas Herrera, Pablo"]
[Black "Mladenovic, Stefan"]
[WhiteFideId "3407128"]
[BlackFideId "942227"]
[WhiteElo "2896"]
[BlackElo "2689"]
[Result "1-0"]
[Round "3"]
[TimeControl "180+1"]
[Date "2023.11.14"]
[WhiteClock "0:00:51"]
[BlackClock "0:00:00"]
[Board "32"]

1. d4 Nf6 2. Nf3 e6 3. Bf4 c5 4. e3 cxd4 5. exd4 b6 6. c3 Bb7 7. Bd3 d6 8. O-O Be7 9. Re1 O-O 10. Nbd2 Nbd7 11. Nf1 Re8 12. Ng3 Nf8 13. a4 a6 14. Nd2 Ng6 15. Be3 Nd5 16. Bf1 Ndf4 17. Nc4 Rb8 18. Qg4 f5 19. Qd1 Bf8 20. Nh5 Qh4 21. Nxf4 Nxf4 22. Qd2 Nd5 23. Bg5 Qh5 24. Bf4 Nxf4 25. Qxf4 g5 26. Qd2 b5 27. axb5 axb5 28. Na5 Bd5 29. b3 g4 30. c4 bxc4 31. bxc4 Bh6 32. Qc3 Be4 33. Qg3 f4 34. Qa3 d5 35. Nc6 g3 36. hxg3 Rb7 37. Ne5 Rg7 38. g4 Qh4 39. Qh3 Qf6 40. Ra6 Bg5 41. Rea1 Qf8 42. Ra7 Rxa7 43. Rxa7 Re7 44. Ra6 Qg7 45. Ra8+ Qf8 46. Rxf8+ Kxf8 47. Qa3 1-0


[Site "https://www.chess.com"]

[Event "Titled Tuesday Blitz November 14 Early 2023"]
[White "Timerkhanov, Alexander"]
[Black "Steinberg, Nitzan"]
[WhiteFideId "24177938"]
[BlackFideId "2801795"]
[WhiteElo "2687"]
[BlackElo "2889"]
[Result "0-1"]
[Round "3"]
[TimeControl "180+1"]
[Date "2023.11.14"]
[WhiteClock "0:00:39"]
[BlackClock "0:00:30"]
[Board "33"]

1. d4 Nf6 2. Bg5 Ne4 3. h4 d5 4. Nd2 Nxg5 5. hxg5 g6 6. e3 h5 7. gxh6 Rxh6 8. Rxh6 Bxh6 9. c4 c6 10. Ngf3 Nd7 11. cxd5 cxd5 12. Qb3 Nb6 13. Ne5 Bg7 14. Ndf3 Bf5 15. Bd3 Bxd3 16. Qxd3 Qd6 17. Qb5+ Kf8 18. a4 Kg8 19. a5 Nc4 20. Nxc4 dxc4 21. Qxc4 e6 22. Kf1 Qd8 23. Qb5 Qc7 24. g3 Rc8 25. Kg2 a6 26. Qb4 Qc6 27. Ra3 Bf8 28. Qb3 Bxa3 29. Qxa3 Qe4 30. Qe7 Kg7 31. b4 Rh8 32. Qc5 Rh5 33. Qc7 Rf5 0-1


[Site "https://www.chess.com"]

[Event "Titled Tuesday Blitz November 14 Early 2023"]
[White "Henriquez Villagra, Cristobal"]
[Black "Arhan_Anand"]
[WhiteFideId "3409350"]
[WhiteElo "2885"]
[BlackElo "2679"]
[Result "1-0"]
[Round "3"]
[TimeControl "180+1"]
[Date "2023.11.14"]
[WhiteClock "0:00:23"]
[BlackClock "0:00:42"]
[Board "34"]

1. e4 c5 2. Nf3 d6 3. Bb5+ Bd7 4. a4 Nf6 5. Qe2 Nc6 6. O-O a6 7. Bxc6 Bxc6 8. e5 dxe5 9. Nxe5 Qd5 10. Nxc6 Qxc6 11. d3 e6 12. a5 Be7 13. Nd2 O-O 14. Nc4 Nd5 15. Bd2 Bf6 16. f4 Ne7 17. Qe4 Rfd8 18. Rae1 Qxe4 19. Rxe4 Nc6 20. f5 Nd4 21. fxe6 Nxe6 22. Bc3 Bxc3 23. bxc3 Rac8 24. Rb1 Rc7 25. Rb6 Rd5 26. h4 h5 27. Kf2 g6 28. g3 Kg7 29. Nd6 c4 30. Ne8+ Kf8 31. Nxc7 Nxc7 32. Rxc4 Ne6 33. Rxb7 Rxa5 34. Rc8+ Kg7 35. Rb2 Re5 36. d4 Rf5+ 37. Kg2 a5 38. Rcb8 Nc7 39. R8b7 Nd5 40. Rb1 Ne3+ 41. Kg1 Rf3 42. Re7 Nd5 43. Ra7 Nxc3 44. Kg2 Re3 45. Rbb7 a4 46. Rxf7+ Kg8 47. Rfe7 Rxe7 48. Rxe7 a3 49. Ra7 a2 50. Kf3 Kf8 51. Ke3 Ke8 52. Kd3 Nd5 53. c3 1-0


[Site "https://www.chess.com"]

[Event "Titled Tuesday Blitz November 14 Early 2023"]
[White "Bachmann, Axel"]
[Black "Dowgird, Filip"]
[WhiteFideId "3700488"]
[BlackFideId "1121235"]
[WhiteElo "2881"]
[BlackElo "2676"]
[Result "1-0"]
[Round "3"]
[TimeControl "180+1"]
[Date "2023.11.14"]
[WhiteClock "0:01:01"]
[BlackClock "0:00:09"]
[Board "35"]

1. Nf3 d6 2. d4 Bg4 3. e4 Nf6 4. Nc3 e6 5. h3 Bh5 6. Bd3 c6 7. g4 Bg6 8. Qe2 d5 9. e5 Nfd7 10. Bxg6 hxg6 11. Bg5 Qa5 12. Bd2 Qa6 13. Qe3 c5 14. Qf4 Be7 15. a4 cxd4 16. Nb5 Qc6 17. Nfxd4 Qc8 18. c4 dxc4 19. Rc1 a6 20. Na3 Bxa3 21. bxa3 Nc6 22. Nf3 b5 23. Bc3 Nc5 24. O-O Nd3 25. Qe4 Nxc1 26. Rxc1 Rxh3 27. Kg2 Rh8 28. Rd1 Ra7 29. Rd6 Rc7 30. axb5 axb5 31. Kg3 Rh1 32. Nd4 Rg1+ 33. Kh2 Nxd4 34. Kxg1 Nc6 35. Qh1 g5 36. Qh8+ Ke7 37. Qxg7 Qf8 38. Qf6+ Ke8 39. Bb4 Qg8 40. Rxc6 1-0


[Site "https://www.chess.com"]

[Event "Titled Tuesday Blitz November 14 Early 2023"]
[White "Hilary46"]
[Black "Madaminov, Mukhiddin"]
[BlackFideId "14210703"]
[WhiteElo "2654"]
[BlackElo "2868"]
[Result "0-1"]
[Round "3"]
[TimeControl "180+1"]
[Date "2023.11.14"]
[WhiteClock "0:00:20"]
[BlackClock "0:00:05"]
[Board "36"]

1. e4 e5 2. Nf3 Nc6 3. Bb5 a6 4. Ba4 Nf6 5. O-O Nxe4 6. d4 b5 7. Bb3 d5 8. dxe5 Be6 9. Qe2 Be7 10. Rd1 O-O 11. c4 bxc4 12. Bxc4 Qd7 13. Nc3 Nxc3 14. bxc3 Rfb8 15. Bxa6 Na5 16. Nd4 c5 17. Bb5 Qc8 18. Nxe6 Qxe6 19. a4 Nb3 20. Rb1 c4 21. f4 g6 22. Be3 Rd8 23. Qc2 Rac8 24. Bd4 Bf8 25. Kh1 h5 26. Rf1 Qg4 27. h3 Qh4 28. Rbd1 Nxd4 29. cxd4 Bh6 30. f5 g5 31. f6 g4 32. Qf5 c3 33. Bd3 Qg5 34. Qh7+ Kf8 35. Rf5 Qg6 36. Qxg6 fxg6 37. Rf2 Be3 38. Re2 Bxd4 39. Rf1 c2 40. Bxc2 Bxe5 41. Bxg6 Bd4 42. Bxh5 gxh3 43. gxh3 Rd6 44. Rg2 Rxf6 45. Rxf6+ Bxf6 46. Ra2 d4 47. a5 d3 48. a6 Bd4 49. Bf3 Rc1+ 50. Kg2 Rc2+ 0-1


[Site "https://www.chess.com"]

[Event "Titled Tuesday Blitz November 14 Early 2023"]
[White "Boruchovsky, Avital"]
[Black "Maltsevskaya, Aleksandra"]
[WhiteFideId "2800055"]
[BlackFideId "24174041"]
[WhiteElo "2862"]
[BlackElo "2648"]
[Result "0-1"]
[Round "3"]
[TimeControl "180+1"]
[Date "2023.11.14"]
[WhiteClock "0:00:15"]
[BlackClock "0:00:05"]
[Board "37"]

1. e4 c6 2. Nc3 d5 3. Nf3 Bg4 4. h3 Bxf3 5. Qxf3 e6 6. d3 Bc5 7. a3 Ne7 8. Be2 Nd7 9. Qg3 O-O 10. O-O f5 11. Kh1 Ng6 12. exf5 exf5 13. Bh5 f4 14. Qg4 Nde5 15. Qd1 f3 16. g3 Qd7 17. Kh2 Rf5 18. Bxg6 hxg6 19. d4 Rh5 20. h4 Rxh4+ 21. gxh4 Qg4 0-1


[Site "https://www.chess.com"]

[Event "Titled Tuesday Blitz November 14 Early 2023"]
[White "Beerdsen, Thomas"]
[Black "GatoRojo150"]
[WhiteFideId "1030108"]
[WhiteElo "2853"]
[BlackElo "2622"]
[Result "0-1"]
[Round "3"]
[TimeControl "180+1"]
[Date "2023.11.14"]
[WhiteClock "0:00:07"]
[BlackClock "0:01:04"]
[Board "38"]

1. e4 e5 2. d4 exd4 3. Qxd4 Nc6 4. Qd3 Nf6 5. Nc3 d5 6. Bf4 Nb4 7. Qe2 dxe4 8. Rd1 Bd6 9. Bxd6 cxd6 10. Nxe4 O-O 11. Nxf6+ Qxf6 12. c3 Bf5 13. Qc4 Nc2+ 14. Kd2 Qg5+ 15. f4 Qe7 16. Bd3 Ne3 17. Qd4 Nxd1 18. Bxf5 Nxb2 19. Nf3 d5 20. Re1 Nc4+ 21. Kd3 Qa3 22. Ne5 Qxa2 23. Nxc4 dxc4+ 24. Ke3 Rfe8+ 25. Be4 Rad8 26. Qc5 Rd3# 0-1


[Site "https://www.chess.com"]

[Event "Titled Tuesday Blitz November 14 Early 2023"]
[White "Mikaelyan, Arman"]
[Black "Sydoryka, Vladyslav"]
[WhiteFideId "13304852"]
[BlackFideId "14145928"]
[WhiteElo "2844"]
[BlackElo "2616"]
[Result "0-1"]
[Round "3"]
[TimeControl "180+1"]
[Date "2023.11.14"]
[WhiteClock "0:00:00"]
[BlackClock "0:00:02"]
[Board "39"]

1. d4 Nf6 2. c4 e6 3. Nf3 d5 4. Nc3 Bb4 5. e3 O-O 6. Bd3 dxc4 7. Bxc4 c5 8. O-O cxd4 9. exd4 b6 10. Bg5 h6 11. Bh4 Bb7 12. Ne5 Nbd7 13. Nxd7 Qxd7 14. Bxf6 gxf6 15. Bd3 f5 16. Ne2 Qd5 17. f3 Rad8 18. Kh1 Kh7 19. Rc1 Bd6 20. Bc4 Qa5 21. a3 Rg8 22. Qd3 a6 23. Rc3 b5 24. Bb3 Qb6 25. Qe3 Bb8 26. Rd1 Qd6 27. Qg1 Rg7 28. d5 Qe7 29. dxe6 Rxd1 30. Bxd1 fxe6 31. Bc2 Qh4 32. Re3 Bd5 33. Bb3 Ba7 34. Bxd5 Bxe3 35. Qxe3 Qe1+ 36. Qg1 Qxg1+ 37. Kxg1 exd5 38. Kf2 Rc7 39. Nd4 Kg6 40. Ke2 Kf6 41. f4 Rc4 42. Kd3 Rc1 43. Nf3 a5 44. b4 Ra1 45. bxa5 Rxa3+ 46. Kd4 Ke6 47. Nd2 Rxa5 48. Nb3 Ra4+ 49. Kc3 Rxf4 0-1


[Site "https://www.chess.com"]

[Event "Titled Tuesday Blitz November 14 Early 2023"]
[White "Demin, Vladimir"]
[Black "Weetik, Vjacheslav"]
[WhiteFideId "4167457"]
[BlackFideId "4153472"]
[WhiteElo "2591"]
[BlackElo "2844"]
[Result "1-0"]
[Round "3"]
[TimeControl "180+1"]
[Date "2023.11.14"]
[WhiteClock "0:00:53"]
[BlackClock "0:00:21"]
[Board "40"]

1. d4 Nf6 2. Nc3 d5 3. Bf4 c5 4. e4 Nxe4 5. Nxe4 dxe4 6. dxc5 Qa5+ 7. c3 Qxc5 8. Qa4+ Nc6 9. Qxe4 g6 10. Nf3 Bg7 11. Qe3 Qxe3+ 12. Bxe3 O-O 13. Be2 Rd8 14. O-O Bf5 15. a4 Bd3 16. Bxd3 Rxd3 17. a5 Rad8 18. a6 b6 19. Rfe1 e5 20. Kf1 f5 21. Ke2 f4 22. Bxb6 axb6 23. a7 Nxa7 24. Rxa7 e4 25. Ng5 e3 26. Rxg7+ Kxg7 27. Ne6+ Kf6 28. Nxd8 Rd2+ 29. Kf1 Rxf2+ 30. Kg1 Rxb2 31. Nc6 g5 32. Nb4 Kf5 33. Ra1 g4 34. Rf1 Ke4 35. Rxf4+ Kxf4 36. Nd3+ Ke4 37. Nxb2 b5 38. Kf1 h5 39. Ke2 h4 40. Nd1 1-0


[Site "https://www.chess.com"]

[Event "Titled Tuesday Blitz November 14 Early 2023"]
[White "Nasir, Zehn"]
[Black "Bordi, Kevin"]
[WhiteFideId "2613239"]
[BlackFideId "621862"]
[WhiteElo "2580"]
[BlackElo "2837"]
[Result "1/2-1/2"]
[Round "3"]
[TimeControl "180+1"]
[Date "2023.11.14"]
[WhiteClock "0:00:11"]
[BlackClock "0:00:56"]
[Board "41"]

1. d4 d5 2. Bf4 Nf6 3. e3 c5 4. c3 Nc6 5. Nd2 Bf5 6. Qb3 Qb6 7. dxc5 Qxb3 8. Nxb3 e5 9. Bg3 Ne4 10. Bb5 f6 11. O-O-O O-O-O 12. Bd3 h5 13. f3 Nxg3 14. hxg3 Bxd3 15. Rxd3 g6 16. Ne2 Rh7 17. g4 h4 18. Rhd1 Rhd7 19. Rh1 Rh7 20. Rhd1 Rhd7 21. Rh1 Bh6 22. Rxh4 Bg5 23. Rh1 e4 24. fxe4 dxe4 25. Rxd7 Rxd7 26. Nf4 Ne5 27. Rh8+ Rd8 28. Rxd8+ Kxd8 29. Ne6+ Kd7 30. Nxg5 fxg5 31. Nd2 Nxg4 32. Nxe4 Nxe3 33. g3 g4 34. Kd2 Nc4+ 35. Kc2 Kc6 36. b3 Ne5 37. b4 Kd5 38. Nd6 b6 39. cxb6 axb6 40. Nc8 b5 41. Na7 Kc4 42. Nc8 Kd5 43. Na7 Kc4 44. Nc8 Kd5 1/2-1/2


[Site "https://www.chess.com"]

[Event "Titled Tuesday Blitz November 14 Early 2023"]
[White "Kozak, Antoni"]
[Black "Lima, Kleyton Alcantara"]
[WhiteFideId "21832030"]
[BlackFideId "22718397"]
[WhiteElo "2832"]
[BlackElo "2556"]
[Result "1-0"]
[Round "3"]
[TimeControl "180+1"]
[Date "2023.11.14"]
[WhiteClock "0:00:19"]
[BlackClock "0:00:45"]
[Board "42"]

1. e4 c5 2. Nf3 d6 3. Nc3 Nf6 4. h3 a6 5. a4 e6 6. Bc4 Nc6 7. O-O Be7 8. Re1 O-O 9. d3 d5 10. Bb3 dxe4 11. dxe4 Qxd1 12. Nxd1 b6 13. c3 Bb7 14. Bc2 Rfd8 15. Ne3 b5 16. Ng4 Nxg4 17. hxg4 b4 18. g5 c4 19. Be3 b3 20. Bd1 Rd7 21. Be2 Nd8 22. Ne5 Rc7 23. f3 Rac8 24. Red1 f6 25. gxf6 gxf6 26. Nd7 Nf7 27. Nb6 Rd8 28. Bxc4 Kg7 29. Bxe6 Ne5 30. Bxb3 Nd3 31. Rd2 Nc5 32. Bd5 Bxd5 33. Rxd5 Nb3 34. Rad1 Rb8 35. Rd7 Rxd7 36. Rxd7 Kf8 37. Nd5 Bc5 38. Rxh7 Bxe3+ 39. Nxe3 Nc5 40. Rh8+ 1-0


[Site "https://www.chess.com"]

[Event "Titled Tuesday Blitz November 14 Early 2023"]
[White "Karas, Marek"]
[Black "Samsonkin, Artiom"]
[WhiteFideId "14928558"]
[BlackFideId "13503111"]
[WhiteElo "2536"]
[BlackElo "2832"]
[Result "1-0"]
[Round "3"]
[TimeControl "180+1"]
[Date "2023.11.14"]
[WhiteClock "0:00:06"]
[BlackClock "0:00:00"]
[Board "43"]

1. d4 Nf6 2. Nf3 e6 3. c4 Bb4+ 4. Bd2 Qe7 5. e3 Nc6 6. Bd3 e5 7. dxe5 Nxe5 8. Nxe5 Bxd2+ 9. Qxd2 Qxe5 10. Nc3 O-O 11. h3 d6 12. Be2 Bd7 13. Bf3 Bc6 14. Bxc6 bxc6 15. Qd4 Qxd4 16. exd4 Rfe8+ 17. Kd2 Ne4+ 18. Nxe4 Rxe4 19. Kd3 Rae8 20. Rad1 f5 21. Rd2 a5 22. b3 a4 23. Kc3 axb3 24. axb3 Kf7 25. Ra1 Ke7 26. Ra7 Kd7 27. Ra5 g6 28. Raa2 Re1 29. g3 Rc1+ 30. Rac2 Rh1 31. h4 f4 32. Rd3 Ree1 33. Rf3 Re4 34. Kd3 d5 35. Rxf4 Rxf4 36. gxf4 Rh3+ 37. Ke2 Rxh4 38. Ke3 Rh3+ 39. f3 Rh1 40. f5 gxf5 41. Kf4 Rb1 42. Kxf5 Rxb3 43. f4 Rb4 44. cxd5 cxd5 45. Ke5 c6 46. Rh2 Kc7 47. Rxh7+ Kb6 48. f5 Rb1 49. f6 Re1+ 50. Kd6 Rf1 51. f7 Kb5 52. Ke7 Re1+ 53. Kd7 Rf1 54. Ke8 Kc4 55. Rh4 Re1+ 56. Kd7 Rf1 57. Ke7 Re1+ 58. Kd6 Rf1 59. Ke7 Re1+ 60. Kf8 Rf1 61. Kg7 Rg1+ 62. Kf6 Rf1+ 63. Kg6 Rg1+ 64. Kf5 Rf1+ 65. Rf4 1-0


[Site "https://www.chess.com"]

[Event "Titled Tuesday Blitz November 14 Early 2023"]
[White "Alexandre, Anne Shopie Elizabeth"]
[Black "Baches Garcia, Guillermo"]
[WhiteFideId "11902418"]
[BlackFideId "2209764"]
[WhiteElo "2828"]
[BlackElo "2534"]
[Result "1-0"]
[Round "3"]
[TimeControl "180+1"]
[Date "2023.11.14"]
[WhiteClock "0:00:45"]
[BlackClock "0:00:00"]
[Board "44"]

1. c4 e6 2. Nf3 d5 3. e3 Nf6 4. b3 Be7 5. Bb2 O-O 6. g3 b6 7. cxd5 exd5 8. Bg2 Ba6 9. d3 c5 10. O-O Nc6 11. Re1 Re8 12. a3 Qd7 13. Nc3 Rad8 14. Ne2 c4 15. dxc4 dxc4 16. bxc4 Qxd1 17. Rexd1 Bxc4 18. Nf4 Na5 19. Ne5 Bb3 20. Rxd8 Rxd8 21. Bc3 Bf8 22. Bxa5 bxa5 23. Nc6 Rd2 24. Nxa5 Bc2 25. Nc6 Ne4 26. Nh3 Bc5 27. Nb4 Nc3 28. Nxc2 Rxc2 29. Nf4 g6 30. Bf3 a5 31. a4 Bb4 32. Nd5 Nxd5 33. Bxd5 Re2 34. Kg2 Re1 35. Ra2 Rc1 36. e4 Kg7 37. h4 Rc7 38. Re2 h5 39. f4 Bc3 40. e5 Bb4 41. e6 fxe6 42. Rxe6 Re7 43. Rc6 Rd7 44. Be4 Rd6 45. Rc4 Kf6 46. Kf3 Rb6 47. Rc8 Rd6 48. Rg8 Kf7 49. Ra8 Kf6 50. Ra7 Rb6 51. Rh7 Rd6 52. Rc7 Rb6 53. Ra7 Rd6 54. Rh7 Rb6 55. f5 gxf5 56. Rh6+ 1-0


[Site "https://www.chess.com"]

[Event "Titled Tuesday Blitz November 14 Early 2023"]
[White "CrazyAdvenTures"]
[Black "topce"]
[WhiteElo "2826"]
[BlackElo "2520"]
[Result "1-0"]
[Round "3"]
[TimeControl "180+1"]
[Date "2023.11.14"]
[WhiteClock "0:00:53"]
[BlackClock "0:00:03"]
[Board "45"]

1. e4 c5 2. Nf3 Nc6 3. d4 cxd4 4. Nxd4 e5 5. Nb5 d6 6. N1c3 a6 7. Na3 b5 8. Nd5 Nge7 9. Bd3 Nxd5 10. exd5 Ne7 11. c4 g6 12. cxb5 Bg7 13. O-O O-O 14. Re1 f5 15. bxa6 e4 16. Bf1 Rxa6 17. Bxa6 Bxa6 18. Qa4 Bd3 19. Nb5 f4 20. Nd4 Bxd4 21. Qxd4 Nf5 22. Qc3 Nh4 23. Kh1 f3 24. g3 Ng2 25. Bh6 Qe7 26. Bxf8 Qxf8 27. Rec1 Ba6 28. Qc6 e3 29. Qxa6 exf2 30. Rc8 Ne3 31. Rxf8+ Kxf8 32. Rf1 Nxf1 33. Qxf1 1-0


[Site "https://www.chess.com"]